 Dungeon Crawl Stone Soup version 0.28.0-45-g0d030f2227 (webtiles) character file.

Game seed: 14963005897057812299

104972 pkoi the Destroyer (level 15, 0/124 HPs)
             Began as a Demigod Air Elementalist on Apr 4, 2022.
             Killed by an exploding ball lightning (13 damage)
             ... on level 3 of the Shoals.
             The game lasted 01:21:42 (51133 turns).

pkoi the Destroyer (Demigod Air Elementalist)      Turns: 51133, Time: 01:21:43

Health: 0/124      AC: 15    Str: 13    XL:     15   Next: 46%
Magic:  23/40      EV: 16    Int: 33    God:
Gold:   716        SH:  0    Dex: 14    Spells: 1/30 levels left

rFire   + . .      SeeInvis +   R - staff of air
rCold   + . .      Faith    .   (no shield)
rNeg    . . .      Spirit   .   K - +1 robe {rC+}
rPois   .          Reflect  .   z - +2 hood of the Assassin {Detection Stab+ Stlth++}
rElec   +          Harm     .   x - +2 cloak of the Thief {*Fog Slay-2 SInv Stlth+}
rCorr   .          Rampage  .   S - +0 pair of gloves
Will    +....                   f - +1 pair of boots
Stlth   ++++++....              h - amulet of regeneration
HPRegen 1.10/turn               F - +4 ring of protection
MPRegen 0.27/turn               T - ring "Emaycluqem" {rElec rF+ MP+9 Slay+3}

@: no status effects
A: high MP 1, forlorn, divine attributes
a: no special abilities


You were on level 3 of the Shoals.
You visited 5 branches of the dungeon, and saw 25 of its levels.
You also visited: Sewer, Bailey and Volcano.

You collected 1827 gold pieces.
You spent 1111 gold pieces at shops.

Inventory:

Hand Weapons
 b - a +2 dagger of speed
 v - a +3 trident of freezing
 C - a +5 dire flail of protection
Missiles
 m - 55 poisoned darts
 L - 6 throwing nets
 Q - 2 curare-tipped darts
Armour
 f - a +1 pair of boots (worn)
 x - the +2 cloak of the Thief (worn) {*Fog Slay-2 SInv Stlth+}
   (You bought it in a shop on level 3 of the Dungeon)

   It may release a thick cloud of smoke when the wearer is hurt.
   Slay:      It affects your accuracy & damage with ranged weapons and melee
   (-2).
   SInv:      It lets you see invisible.
   Stlth:     It makes you more stealthy.
 z - the +2 hood of the Assassin (worn) {Detection Stab+ Stlth++}
   (You found it on level 5 of the Lair of Beasts)

   It allows the wearer to sense nearby creatures.
   It allows the wearer to make particularly effective stabbing attacks against
   helpless or unaware enemies with any weapon.
   Stlth:     It makes you much more stealthy.
 G - +0 steam dragon scales
 K - a +1 robe of cold resistance (worn)
 S - a +0 pair of gloves (worn)
Magical Staves
 R - a staff of air (weapon)
Jewellery
 a - a ring of resist corrosion
 e - a ring of protection from cold
 h - an amulet of regeneration (around neck)
 y - a ring of fire
 D - a ring of ice
 F - a +4 ring of protection (left hand)
 T - the ring "Emaycluqem" (right hand) {rElec rF+ MP+9 Slay+3}
   (You bought it in a shop on level 1 of the Dungeon)

   [ring of magical power]

   Slay:      It affects your accuracy & damage with ranged weapons and melee
   (+3).
   rF:        It protects you from fire.
   rElec:     It insulates you from electricity.
   MP:        It affects your magic capacity (+9).
Wands
 j - a wand of flame (35)
 k - a wand of polymorph (4)
 o - a wand of paralysis (7)
 p - a wand of iceblast (24)
 B - a wand of digging (14)
 I - a wand of charming (9)
 N - a wand of mindburst (17)
Scrolls
 t - 9 scrolls of teleportation
 u - a scroll of fog
 A - 4 scrolls of enchant armour
 E - 3 scrolls of brand weapon
 M - 3 scrolls of enchant weapon
 O - 2 scrolls of blinking
 P - 2 scrolls of identify
 U - 2 scrolls of amnesia
 W - a scroll of summoning
 X - a scroll of holy word
Potions
 c - 2 potions of ambrosia
 d - 3 potions of haste
 g - 2 potions of magic
 l - 3 potions of invisibility
 n - a potion of resistance
 q - 9 potions of heal wounds
 r - 3 potions of might
 s - 6 potions of curing
 w - 4 potions of brilliance
 H - 3 potions of flight
 J - a potion of cancellation
 V - 2 potions of berserk rage
Miscellaneous
 i - a condenser vane


   Skills:
 - Level 9.0 Fighting
 - Level 9.0 Dodging
 - Level 6.0 Stealth
 - Level 12.0 Unarmed Combat
 - Level 8.0 Spellcasting
 + Level 12.6 Conjurations
 - Level 3.0 Translocations
 - Level 12.0 Air Magic
 - Level 6.0 Evocations


You had one spell level left.
You knew the following spells:

 Your Spells              Type           Power      Damage    Failure   Level
a - Shock                 Conj/Air       100%       1d9       1%          1
b - Static Discharge      Conj/Air       96%        N/A       1%          2
c - Swiftness             Air            95%        N/A       1%          3
d - Airstrike             Air            47%        N/A       1%          4
e - Lightning Bolt        Conj/Air       48%        1d68      1%          5
f - Apportation           Tloc           66%        N/A       1%          1
g - Conjure Ball Lightni  Conj/Air       48%        3x3d17    3%          6
h - Orb of Destruction    Conj           38%        9d11      17%         7

Your spell library contained the following spells:

 Spells                   Type           Power      Damage    Failure   Level
 Magic Dart               Conj           100%       1d8       1%          1
 Corpse Rot               Necr/Air       100%       N/A       1%          2
 Dazzling Flash           Conj/Hex       100%       N/A       1%          3
 Stone Arrow              Conj/Erth      100%       3d13      1%          3
 Iskenderun's Mystic Bla  Conj/Tloc      60%        2d13      1%          4
 Sublimation of Blood     Necr           13%        N/A       5%          2
 Wereblood                Tmut           13%        N/A       5%          2
 Dispel Undead            Necr           13%        3d9       34%         4
 Iron Shot                Conj/Erth      26%        9d6       38%         6
 Starburst                Conj/Fire      26%        6d8       38%         6
 Summon Forest            Summ/Tloc      11%        N/A       45%         5
 Alistair's Intoxication  Tmut/Pois      8%         N/A       67%         5
 Maxwell's Capacitive Co  Air            47%        ∞         86%         8
 Death Channel            Necr           6%         N/A       99%         6
 Eringya's Noxious Bog    Tmut/Pois      6%         N/A       99%         6
 Summon Hydra             Summ           6%         N/A       100%        7
 Borgnjor's Revivificati  Necr           6%         N/A       100%        8
 Necromutation            Tmut/Necr      6%         N/A       100%        8
 Death's Door             Necr           6%         N/A       100%        9


Dungeon Overview and Level Annotations

Branches:
Dungeon (13/15)            Temple (1/1) D:5            Lair (6/6) D:10
 Shoals (3/4) Lair:3        Snake (0/4) Lair:3        Slime (0/5) Lair:5
    Orc (2/2) D:12            Elf (0/3) Orc:2         Sewer (visited)
 Bailey (visited)         Volcano (visited)
 Vaults: D:13-14

Shops:
D:1 =[   D:3 [   Orc:2 ![((   Shoals:2 [

Annotations:
D:11 2 transporters, croobank's ghost, novice DrFE
D:13 3 runed translucent doors, WaxSun's ghost, journeyman OgFE
Shoals:2 Frances
Shoals:3 Ilsuiw; Polyphemus


Innate Abilities, Weirdness & Mutations

You have an increased reservoir of magic. (+10% MP)
You shall have no god before yourself.
Your divine heritage dramatically boosts your attributes as you level up.


Message History

The stone hits you.
* * * LOW HITPOINT WARNING * * *
Polyphemus throws a large rock.
The large rock completely misses you.
The dream sheep ruffles its wool and motes of dream dust sparkle, to no effect.
Your ball lightning explodes!
The blast of lightning engulfs your ball lightning.
Your ball lightning completely resists.
The blast of lightning engulfs your ball lightning.
Your ball lightning completely resists.
The blast of lightning engulfs the faun!!
The faun is heavily wounded.
The blast of lightning engulfs you. You resist.
* * * LOW HITPOINT WARNING * * *
The blast of lightning engulfs the satyr!
The satyr is moderately wounded.
The blast of lightning engulfs your ball lightning.
Your ball lightning completely resists.
Your ball lightning explodes!
The blast of lightning engulfs the faun!!
The faun is almost dead.
The blast of lightning engulfs you. You resist.
* * * LOW HITPOINT WARNING * * *
The blast of lightning engulfs the satyr!
The satyr is heavily wounded.
The blast of lightning engulfs your ball lightning.
Your ball lightning completely resists.
The blast of lightning engulfs your ball lightning.
Your ball lightning completely resists.
You hear a shout! x2
Your ball lightning explodes!
The blast of lightning engulfs the merfolk!!!
The merfolk is severely wounded.
The blast of lightning engulfs you. You resist.
* * * LOW HITPOINT WARNING * * *
Your ball lightning explodes!
You feel a bit more experienced.
The blast of lightning engulfs the faun!!
The faun is almost dead.
The blast of lightning engulfs you! You resist.
You die...

≈.≈≈≈≈≈≈≈≈≈≈≈≈≈
.≈≈≈≈≈≈≈≈≈≈≈≈≈≈
≈Ym≈≈≈≈≈≈≈≈≈≈≈≈
.C≈†m≈≈≈≈≈≈≈≈≈≈
≈≈.†≈≈≈≈≈≈≈≈≈≈≈
≈≈≈≈≈.≈§§§≈≈≈≈≈
....†≈.§§§≈≈≈≈≈
....)†§@*§≈≈≈≈≈
≈.###>§§§§≈≈≈≈≈
#.§§§§≈≈≈≈≈
#c..≈≈≈≈≈≈≈≈
....cc.≈≈≈≈≈≈
...?..≈≈≈≈≈≈≈≈
.c.....P≈≈≈≈≈≈≈
#.≈≈.#..≈≈≈≈≈≈≈


You could see Polyphemus, 2 merfolk, 2 fauns, a dream sheep and a friendly ball
lightning.

Vanquished Creatures
  A kraken (Shoals:2)
  Kirke (Lair:6)
  2 merfolk impalers (Shoals:3)
  2 merfolk javelineers
  10 hydras
  A boulder beetle (D:13)
  A catoblepas (Shoals:3)
  Harold (Lair:1)
  2 merfolk avatars (Shoals:2)
  A centaur warrior (Shoals:1)
  2 alligator snapping turtles (Shoals:1)
  A death knight (D:13)
  2 two-headed ogres
  Erica (D:8)
  A satyr (Shoals:2)
  17 death yaks
  3 orc high priests (Orc:2)
  A deep elf knight (D:12)
  Nergalle (D:10)
  6 skeletal warriors (D:13)
  5 sea snakes
  A wizard (Lair:6)
  4 orc knights (Orc:2)
  12 harpies
  A deep elf archer (D:12)
  A lindwurm (Lair:6)
  2 deep elf pyromancers
  4 orc sorcerers (Orc:2)
  2 oklob plants
  4 manticores
  8 fauns
  3 cyclopes
  Joseph (D:8)
  4 merfolk sirens
  A water nymph (Shoals:1)
  A black mamba (Lair:5)
  15 elephants
  14 cane toads
  An unseen horror (D:10)
  Maggie (D:7)
  2 kobold demonologists (D:13)
  6 komodo dragons
  6 rime drakes
  A freezing wraith (D:13)
  A tengu conjurer (D:13)
  A red devil (Lair:6)
  5 trolls
  An ice devil (Lair:6)
  5 polar bears
  11 merfolk
  28 blink frogs
  5 slime creatures
  3 wind drakes
  2 dream sheep (Shoals:3)
  5 snapping turtles
  6 water elementals
  A shadow (D:13)
  5 wyverns
  50 yaks
  3 wraiths
  3 basilisks
  3 steam dragons
  Edmund (D:6)
  3 nagas (Lair:3)
  3 vampire mosquitoes (D:13)
  15 water moccasins
  2 wargs (Orc:2)
  2 hell hounds
  16 orc warriors
  An ice beast (D:6)
  2 sky beasts
  3 black bears
  11 ogres
  A necrophage (D:5)
  5 wolves
  2 centaurs
  2 phantoms
  7 kobold brigands
  Blork the orc (D:5)
  2 gnoll sergeants
  18 bullfrogs
  A wyvern zombie (D:8)
  An earth elemental (Orc:2)
  5 scorpions
  A water moccasin skeleton (D:4)
  14 killer bees
  8 wights
  An electric eel (D:6)
  6 howler monkeys
  The ghost of pkoi the Sneak, a weakling OpWz (D:3)
  5 centaur zombies
  14 orc priests
  4 hounds
  A bullfrog skeleton (D:6)
  2 centaur skeletons
  2 gnoll shamans
  Jessica (D:3)
  4 iguanas
  13 orc wizards
  6 hell rats
  A howler monkey zombie (D:9)
  17 gnolls
  2 river rats (Sewer)
  11 adders
  4 shadow imps (D:5)
  A white imp (D:5)
  2 dart slugs
  4 worms
  24 orcs
  11 ball pythons
  7 bats
  5 endoplasms
  7 giant cockroaches
  8 goblins
  4 hobgoblins
  4 jackals (Sewer)
  14 kobolds
  3 quokkas
  18 frilled lizards
  7 rats
  3 tentacles (Shoals:2)
639 creatures vanquished.

Vanquished Creatures (collateral kills)
  A killer bee (D:8)
  3 orcs (D:8)
  5 ball lightnings
9 creatures vanquished.

Vanquished Creatures (others)
  2 humans (Lair:6)
  A bullfrog (Lair:3)
  164 ball lightnings
  59 fungi
  152 plants
  3 tentacles (Shoals:2)
381 creatures vanquished.

Grand Total: 1029 creatures vanquished

Notes
Turn   | Place    | Note
-------+----------+-------------------------------------------
     0 | D:1      | pkoi the Demigod Air Elementalist began the quest for the
                  | Orb.
     0 | D:1      | Reached XP level 1. HP: 14/14 MP: 5/5
   132 | D:1      | Found Puxipp's One-of-a-Kind Rings.
   221 | D:1      | Reached XP level 2. HP: 20/20 MP: 3/7
   321 | D:1      | Learned a level 2 spell: Static Discharge
   475 | D:1      | Found Piytuc's Armour Boutique.
   889 | D:2      | Reached XP level 3. HP: 21/26 MP: 0/9
  2128 | D:3      | Noticed Jessica
  2300 | D:2      | Reached XP level 4. HP: 33/33 MP: 7/11
  2335 | D:2      | Learned a level 3 spell: Swiftness
  2349 | D:3      | Killed Jessica
  2516 | D:3      | Identified a scroll of acquirement
  2516 | D:3      | Acquired the Incunabulum of Conjuration
  2618 | D:3      | Found a transporter.
  2741 | D:3      | Found a transporter.
  2741 | D:3      | Noticed pkoi's ghost (weakling OpWz)
  2755 | D:3      | Noticed an ogre
  2756 | D:3      | Found Fopuonui's Armour Boutique.
  3092 | D:3      | Reached XP level 5. HP: 38/38 MP: 7/13
  3138 | D:3      | Learned a level 4 spell: Airstrike
  3241 | D:3      | Reached skill level 1 in Conjurations
  3536 | D:4      | Found a glowing drain.
  3547 | Sewer    | Entered a sewer
  3881 | Sewer    | Reached XP level 6. HP: 22/45 MP: 9/14
  4066 | Sewer    | Reached skill level 5 in Air Magic
  5119 | D:4      | Reached XP level 7. HP: 50/50 MP: 12/16
  6119 | D:4      | Reached XP level 8. HP: 58/58 MP: 12/17
  6700 | D:4      | Reached skill level 1 in Unarmed Combat
  7371 | D:5      | Entered Level 5 of the Dungeon
  7371 | D:5      | Found a transporter.
  7458 | D:5      | Reached skill level 1 in Fighting
  7756 | D:5      | Found a transporter.
  7876 | D:5      | Noticed Blork the orc
  7879 | D:5      | Killed Blork the orc
  8428 | D:5      | Reached skill level 1 in Evocations
  8539 | D:5      | Found a staircase to the Ecumenical Temple.
  8685 | Temple   | Entered the Ecumenical Temple
  8972 | D:3      | Killed pkoi's ghost
  9114 | D:3      | Bought the +2 cloak of the Thief {*Fog Slay-2 SInv Stlth+}
                  | for 201 gold pieces
  9114 | D:3      | Found the +2 cloak of the Thief {*Fog Slay-2 SInv Stlth+}
  9620 | D:6      | Learned a level 5 spell: Lightning Bolt
  9711 | D:6      | Noticed Edmund
  9729 | D:6      | Killed Edmund
  9921 | D:6      | Reached XP level 9. HP: 68/68 MP: 1/18
 10473 | D:6      | Reached skill level 5 in Conjurations
 10986 | D:7      | Found a flagged portal.
 11002 | Bailey   | Entered a bailey
 12631 | D:7      | Noticed Maggie
 12637 | D:7      | Killed Maggie
 13220 | D:8      | Noticed Erica
 13287 | D:8      | Noticed Joseph
 13403 | D:8      | Killed Joseph
 13404 | D:8      | Reached XP level 10. HP: 74/78 MP: 2/19
 13947 | D:8      | Learned a level 1 spell: Apportation
 14887 | D:9      | Reached skill level 5 in Dodging
 15035 | D:9      | Reached skill level 1 in Translocations
 16234 | D:10     | Entered Level 10 of the Dungeon
 17147 | D:10     | Noticed an oklob plant
 17285 | D:10     | Reached skill level 5 in Fighting
 17560 | D:10     | Found a staircase to the Lair.
 17599 | D:10     | Reached skill level 5 in Spellcasting
 18242 | D:10     | Reached XP level 11. HP: 77/88 MP: 8/22
 18608 | Lair:1   | Entered Level 1 of the Lair of Beasts
 18937 | Lair:1   | Noticed Harold
 19081 | Lair:1   | Killed Harold
 19082 | Lair:1   | Reached skill level 5 in Evocations
 19088 | Lair:1   | Noticed Nergalle
 19528 | D:10     | Killed Nergalle
 21694 | Lair:2   | Reached skill level 10 in Air Magic
 22899 | Lair:2   | Reached XP level 12. HP: 96/96 MP: 12/25
 23357 | Lair:2   | Reached skill level 5 in Unarmed Combat
 23827 | Lair:3   | Identified the -5 pair of boots of Bad Feelings {rC+ Str+3}
 23839 | Lair:3   | Noticed an eight-headed hydra
 24177 | Lair:3   | Found a staircase to the Shoals.
 25549 | Lair:3   | Found a staircase to the Snake Pit.
 25629 | Lair:3   | Killed an eight-headed hydra
 25907 | Lair:3   | Noticed an eight-headed hydra
 25912 | Lair:3   | Killed an eight-headed hydra
 28659 | Lair:4   | Reached XP level 13. HP: 105/105 MP: 10/26
 30364 | Lair:5   | Found the +2 hood of the Assassin {Detection Stab+ Stlth++}
 30662 | Lair:6   | Entered Level 6 of the Lair of Beasts
 30684 | Lair:5   | Found a staircase to the Slime Pits.
 32851 | Lair:5   | Reached skill level 10 in Conjurations
 33893 | Lair:5   | Reached skill level 10 in Unarmed Combat
 34585 | Lair:6   | Noticed Kirke
 34620 | Lair:6   | Killed Kirke
 35414 | Lair:6   | Reached skill level 5 in Stealth
 36360 | D:1      | Bought the ring "Emaycluqem" {rElec rF+ MP+9 Slay+3} for
                  | 750 gold pieces
 36369 | D:1      | Learned a level 6 spell: Conjure Ball Lightning
 37129 | D:11     | Reached XP level 14. HP: 113/113 MP: 5/27
 37435 | D:11     | Found a transporter.
 37456 | D:11     | Noticed croobank's ghost (novice DrFE)
 37474 | D:11     | Found a transporter.
 39430 | D:12     | Found a staircase to the Orcish Mines.
 40767 | D:13     | Noticed WaxSun's ghost (journeyman OgFE)
 40769 | D:13     | Found a runed translucent gate.
 40778 | D:13     | Found a runed translucent gate.
 40778 | D:13     | Found a runed translucent gate.
 40778 | D:13     | Noticed a sphinx
 41322 | Orc:1    | Entered Level 1 of the Orcish Mines
 42285 | Orc:2    | Entered Level 2 of the Orcish Mines
 42454 | Orc:2    | Found a dark tunnel.
 42467 | Volcano  | Entered a volcano
 43944 | Orc:2    | Found a staircase to the Elven Halls.
 44343 | Orc:2    | Found Zautekki's Antique Armour Boutique.
 44343 | Orc:2    | Found Rame's Distillery.
 44344 | Orc:2    | Found Irymathru's Antique Weapon Shoppe.
 44344 | Orc:2    | Found Kiqitah's Antique Weapon Shoppe.
 44359 | Orc:2    | Bought a potion of heal wounds for 80 gold pieces
 44359 | Orc:2    | Bought a potion of heal wounds for 80 gold pieces
 44597 | Shoals:1 | Entered Level 1 of the Shoals
 44884 | Shoals:1 | You fall into a shaft and drop 1 floor!
 44889 | Shoals:2 | Noticed a kraken
 45181 | Shoals:2 | Noticed Frances
 46172 | Shoals:2 | Reached XP level 15. HP: 123/123 MP: 9/30
 46427 | Shoals:2 | Killed a kraken
 46519 | Shoals:2 | Identified the +10 hand axe of Bile {drain, Fragile rPois
                  | rF+}
 49490 | D:8      | Killed Erica
 49954 | Shoals:2 | Found Adil's Armour Boutique.
 50435 | Shoals:2 | Learned a level 7 spell: Orb of Destruction
 50459 | Shoals:3 | Noticed Ilsuiw
 51072 | Shoals:3 | Noticed Polyphemus
 51133 | Shoals:3 | Killed by an exploding ball lightning

Illustrated notes

Levels and vault maps discovered:
D:1:      dpeg_arrival_shrine, layout_rooms, serial_shops, nicolae_shop_crystal,
          ebering_ecumenical_altar_webs, nicolae_shop_unique_rings, fountainhead
D:2:      layout_loops_ring, hex_medium, dk_noncrumbling_3
D:3:      layout_rooms, serial_shops, shop, gammafunk_ghost_smash,
          hangedman_decor_push, uniq_jessica
D:4:      layout_cave_pods, cheibrodos_sewer_entry_drain,
          minmay_misc_feat_hallway
D:5:      gammafunk_wand_slinger, layout_cave_pools, elyvilon_altar_1,
          minmay_temple_entry_wispy, corexii_hall_statues_deadend,
          minmay_lizard_king, uniq_blork_the_orc
D:6:      layout_basic, minivault_14, uniq_edmund
D:7:      layout_cave_pods, enter_bailey_5, minmay_circle_x, uniq_maggie
D:8:      layout_basic, uniq_joseph, uniq_erica
D:9:      layout_irregular_city
D:10:     layout_long_grid, dpeg_oklobed_lair, chequers_serial_rivers_room_a
D:11:     layout_cave_pools, gammafunk_ghost_hive,
          chequers_serial_rivers_micro_c
D:12:     layout_stronghold, orc_0_dummy, beargit_elvish_explorers
D:13:     layout_roguey, gammafunk_ghost_split,
          nicolae_dithmenos_through_a_glass_darkly
Temple:   compressed_dpeg_circular_temple
Lair:1:   layout_loops_ring, serial_bayou_shore_a, uniq_harold, uniq_nergalle
Lair:2:   layout_roguey, basic_altar, lemuel_oklob_altar, grunt_megastairs_1
Lair:3:   layout_roguey, elwin_shoals_entry_rocks, guppyfry_snake_entry_garden,
          portal_ice_cave_rime, lemuel_old_faithful
Lair:4:   layout_hall_layers, beast_lair_carwin_5, grunt_megastairs_5,
          lemuel_fruit_tree
Lair:5:   layout_concentric_octagons, slime_altar_1
Lair:6:   evil_forest, layout_regular_city, chequers_serial_rivers_micro_c,
          uniq_kirke, uniq_rupert
Shoals:1: layout_shoals
Shoals:2: layout_shoals, serial_shops, shop_fountains, uniq_frances
Shoals:3: layout_shoals, uniq_polyphemus, uniq_ilsuiw
Orc:1:    layout_caves, mines_bat_river
Orc:2:    st_orc_elflike, layout_diamond_mine, lightli_volcano_entry_magma_tube

Skill      XL: |  1  2  3  4  5  6  7  8  9 10 11 12 13 14 15 |
---------------+----------------------------------------------+-----
Spellcasting   | 2 3 4 5 6 7 8 |  8.0
Air Magic      | 3 4 6 7 8 9 10 11 12 | 12.0
Conjurations   | 1 2 4 5 6 8 9 10 11 12 | 12.6
Dodging        | 3 4 5 6 7 8 9 |  9.0
Unarmed Combat | 2 4 8 10 11 12 | 12.0
Fighting       | 2 4 5 6 7 8 9 |  9.0
Evocations     | 2 3 4 6 |  6.0
Translocations | 2 3 |  3.0
Stealth        | 5 6 |  6.0

Action                   |  1- 3 |  4- 6 |  7- 9 | 10-12 | 13-15 || total
-------------------------+-------+-------+-------+-------+-------++-------
Melee: Short sword       |     3 |     6 |       |       |       ||     9
       Spear             |       |     6 |       |       |       ||     6
       Trident           |       |       |    24 |    87 |       ||   111
       Dire flail        |       |       |     2 |       |       ||     2
       Punch             |       |       |       |     4 |       ||     4
       Unarmed           |       |       |       |    21 |    21 ||    42
       Dagger            |       |       |       |       |     1 ||     1
 Cast: Shock             |   101 |   150 |    57 |    14 |     2 ||   324
       Static Discharge  |       |     1 |       |       |     7 ||     8
       Airstrike         |       |       |   145 |   355 |   565 ||  1065
       Lightning Bolt    |       |       |       |    57 |    39 ||    96
       Conjure Ball Ligh |       |       |       |       |    65 ||    65
       Apportation       |       |       |       |       |     4 ||     4
Evoke: Wand              |       |       |       |       |     2 ||     2
  Use: Scroll            |     2 |     2 |     8 |    12 |     5 ||    29
       Potion            |     2 |       |       |     2 |       ||     4
 Stab: Sleeping          |       |       |       |       |     1 ||     1
Armor: Robe              |     5 |    15 |    20 |    27 |    41 ||   108
       Steam dragon scal |       |       |       |    95 |    75 ||   170
Dodge: Dodged            |    23 |    36 |    64 |   239 |   245 ||   607
